 Dungeon Crawl Stone Soup version 0.28.0-53-g5a82cb258f (webtiles) character file.

Game seed: 6413761987948918312

31 Gabide the Insei (level 3, -1/19 HPs)
             Began as a Vine Stalker Monk on May 27, 2022.
             Slain by a ball python (2 damage)
             ... on level 1 of the Dungeon.
             The game lasted 00:01:19 (1094 turns).

Gabide the Insei (Vine Stalker Monk)                Turns: 1094, Time: 00:01:19

Health: -1/19      AC:  2    Str: 13    XL:     3   Next: 22%
Magic:  0/4        EV: 13    Int: 10    God:
Gold:   68         SH:  0    Dex: 18    Spells: 2/2 levels left

rFire   . . .      SeeInvis .     - Unarmed
rCold   . . .      Faith    .   (no shield)
rNeg    . . .      Spirit   +   a - +0 robe
rPois   .          Reflect  .   (no helmet)
rElec   .          Harm     .   (no cloak)
rCorr   .          Rampage  .   (no gloves)
Will    .....                   (no boots)
Stlth   ++........              (no amulet)
HPRegen 0.06/turn               (no ring)
MPRegen 0.09/turn               (no ring)

@: hasted, very quick
A: fangs 2, magic shield, antimagic bite, no potion heal 2
a: no special abilities


You were on level 1 of the Dungeon.
You visited 1 branch of the dungeon, and saw 1 of its levels.

You collected 68 gold pieces.

Inventory:

Armour
 a - a +0 robe (worn)
 b - a +0 leather armour
Scrolls
 d - a scroll of identify {unknown}


   Skills:
 - Level 2.6 Fighting
 - Level 2.4 Dodging
 - Level 2.4 Stealth
 + Level 4.2 Unarmed Combat


You had 2 spell levels left.
You didn't know any spells.
Your spell library was empty.

Dungeon Overview and Level Annotations

Branches:
Dungeon (1/15)

Altars:


Innate Abilities, Weirdness & Mutations

You have extremely sharp teeth.
When hurt, damage is shared between your health and your magic reserves.
Your bite disrupts and absorbs the magic of your enemies.
Potions cannot restore your health.


Message History

You hit the endoplasm.
The endoplasm is severely wounded.
The endoplasm freezes you.
You are frozen.
* * * LOW HITPOINT WARNING * * *
Okay, then.
It was a potion of haste.
You feel yourself speed up. The endoplasm barely misses you.
You punch the endoplasm!
You kill the endoplasm!
You hit the dart slug but do no damage. You bite the dart slug.
You drain its power.
You feel invigorated.
The dart slug is heavily wounded.
You hit the dart slug. You bite the dart slug.
You kill the dart slug!
The rat misses you.
Things that are here:
a ball python corpse; a hobgoblin corpse You closely miss the rat.
Your bite misses the rat. You hit the rat but do no damage.
The rat closely misses you.
You closely miss the rat. You bite the rat. You drain its power.
The rat is moderately wounded.
The rat bites you.
* * * LOW HITPOINT WARNING * * *
You hit the rat.
You kill the rat!
The ball python bites you. The ball python barely misses you.
The dart slug barely misses you.
Things that are here:
a ball python corpse; a hobgoblin corpse The ball python misses you. x2
You hit the dart slug.
The dart slug is moderately wounded.
The ball python closely misses you. x2
The dart slug launches a dart at you. The slug dart hits you.
Things that are here:
a ball python corpse; a hobgoblin corpse You closely miss the ball python.
The ball python bites you.
You die...

####+#......#
#......####.# ###
#......# #.# #..
#......# #.# #..
####......# #.#
#..
..........####.#
#..
#######........#
#..
#.######.#######..
#### #@#
#.......'..
#(...#S#
#########.. #..w#
#... ##).# #...
#..# #... ...#
#### ..#.# #
..##.# # ..# ..#
#######


You could see a dart slug and a ball python.

Vanquished Creatures
  A dart slug (D:1)
  2 ball pythons (D:1)
  2 bats (D:1)
  4 endoplasms (D:1)
  A giant cockroach (D:1)
  A goblin (D:1)
  4 hobgoblins (D:1)
  2 quokkas (D:1)
  3 kobolds (D:1)
  4 rats (D:1)
24 creatures vanquished.

Vanquished Creatures (collateral kills)
  A quokka (D:1)
  A kobold (D:1)
2 creatures vanquished.

Grand Total: 26 creatures vanquished

Notes
Turn   | Place    | Note
-------+----------+-------------------------------------------
     0 | D:1      | Gabide the Vine Stalker Monk began the quest for the Orb.
     0 | D:1      | Reached XP level 1. HP: 11/11 MP: 2/2
   194 | D:1      | Reached XP level 2. HP: 6/16 MP: 0/3
  1063 | D:1      | Reached skill level 4 in Unarmed Combat
  1073 | D:1      | Reached XP level 3. HP: 10/19 MP: 2/4
  1094 | D:1      | Slain by a ball python

Illustrated notes

Levels and vault maps discovered:
D:1:      denvon_arrival_waterhouse, layout_basic, st_stairs_3,
          minmay_pentomino_w4

Skill      XL: |  1  2 |
---------------+-------+-----
Unarmed Combat | 4 |  4.2
Fighting       | |  2.6
Dodging        | |  2.4
Stealth        | |  2.4

Action                   || total
-------------------------++-------
Melee: Unarmed           ||    67
       Bite              ||    19
       Punch             ||     1
  Use: Scroll            ||     1
       Potion            ||     1
 Stab: Sleeping          ||     3
Armor: Robe              ||     8
Dodge: Dodged            ||    40
